 Dungeon Crawl Stone Soup version 0.26-a0-520-g952f204493 (webtiles) character file.

Game seed: 17754634759546217264

221 Eifo4Ohj9gu9Dob0ohLe the Shield-Bearer (level 5, -7/47 HPs)
             Began as a Minotaur Fighter on Aug 12, 2020.
             Mangled by an orc
             ... wielding a +2 hand axe of electrocution
              (12 damage)
             ... on level 3 of the Dungeon.
             The game lasted 00:19:37 (1529 turns).

Eifo4Ohj9gu9Dob0ohLe the Shield-Bearer (MiFi)       Turns: 1529, Time: 00:19:37

Health: -7/47      AC:  8    Str: 22    XL:     5   Next: 65%
Magic:  4/4        EV:  8    Int:  5    God:
Gold:   97         SH:  0    Dex:  9    Spells: 4/4 levels left

rFire    . . .     SeeInvis .   a - +0 war axe
rCold    . . .     Faith    .   c - +0 kite shield
rNeg     . . .     Spirit   .   b - +1 scale mail
rPois    .         Reflect  .   (helmet restricted)
rElec    .         Harm     .   (no cloak)
rCorr    .                      (no gloves)
MR       .....                  (no boots)
Stlth    ..........             (no amulet)
HPRegen  0.15/turn              (no ring)
MPRegen  0.09/turn              (no ring)

@: confused
A: retaliatory headbutt, horns 2
a: no special abilities


You were on level 3 of the Dungeon.
You visited 1 branch of the dungeon, and saw 3 of its levels.

You collected 97 gold pieces.

Inventory:

Hand Weapons
 a - a +0 war axe (weapon)
 h - a +0 short sword
 m - a +0 hunting sling
 x - a +0 short sword
Missiles
 k - a throwing net
 n - 61 stones (quivered)
Armour
 b - a +1 scale mail (worn)
 c - a +0 kite shield (worn)
 g - a +0 chain mail
 q - a +0 scale mail
 u - a +0 buckler
 w - a +0 cloak
 z - a cursed +0 cloak
Jewellery
 s - a +6 ring of strength {unknown}
Scrolls
 f - a scroll of teleportation {unknown}
 i - 2 scrolls of random uselessness {unknown}
 l - a scroll of magic mapping {unknown}
 o - a scroll of immolation
 r - a scroll of remove curse {unknown}
 t - a scroll of fear {unknown}
 v - a scroll of identify {unknown}
 y - a scroll of noise {unknown}
Potions
 d - 2 potions of might
 e - a potion of haste {unknown}
 j - a potion of brilliance


   Skills:
 * Level 4.4 Fighting
 + Level 4.0 Axes
 + Level 4.4 Armour
 + Level 1.7 Dodging
 + Level 5.4 Shields


You had 4 spell levels left.
You didn't know any spells.
Your spell library was empty.

Dungeon Overview and Level Annotations

Branches:
Dungeon (3/15)

Altars:
Sif Muna
Xom


Innate Abilities, Weirdness & Mutations

You reflexively headbutt those who attack you in melee.
You have a pair of horns on your head.


Message History

The orc priest looks braver for a moment.
The orc barely misses you.
The orc wizard mumbles some strange words.
The orc wizard seems to speed up.
Unknown command.
The bat hits you but does no damage. The bat closely misses you.
The orc barely misses you.
You bump into the rock wall.
The bat hits you but does no damage.
The orc priest invokes the aid of Beogh against you.
Pain shoots through your body!
* * * LOW HITPOINT WARNING * * *
The orc hits you but does no damage.
The orc hits you with a +2 hand axe of electrocution.
* * * LOW HITPOINT WARNING * * *
You closely miss the orc.
Your shield and scale mail prevent you from hitting the orc priest.
You barely miss the orc. The bat hits you but does no damage.
The orc priest completely misses you. The orc hits you but does no damage. x2
You are electrocuted!
You die...

.................
##........##...#
###......#### ...#
#.......†##
#.............#
#.#.b.........#
##†...........#
######o............#
#....o@##..........#
#.####o##..........#
#K##........).# .o.
#...... ... #.####
..... .# .._.. .#
.......


You could see an orc priest, an orc wizard (fast), 2 orcs, a bat and a kobold.

Vanquished Creatures
  An orc priest (D:3)
  2 orc wizards (D:3)
  7 adders
  An ooze (D:1)
  A worm (D:3)
  2 dart slugs (D:1)
  3 leopard geckos (D:2)
  5 orcs
  A ball python (D:1)
  7 bats
  5 giant cockroaches
  6 hobgoblins
  3 jackals (D:1)
  A quokka (D:2)
  4 frilled lizards
  5 goblins
  3 kobolds
  6 rats
63 creatures vanquished.

Notes
Turn   | Place    | Note
-------+----------+-------------------------------------------
     0 | D:1      | Eifo4Ohj9gu9Dob0ohLe the Minotaur Fighter began the quest
                  | for the Orb.
     0 | D:1      | Reached XP level 1. HP: 19/19 MP: 0/0
    86 | D:1      | Reached XP level 2. HP: 19/27 MP: 1/1
   104 | D:1      | Reached skill level 4 in Shields
   158 | D:2      | Reached XP level 3. HP: 25/33 MP: 2/2
   351 | D:2      | Found a shimmering altar of Xom.
   817 | D:2      | Reached XP level 4. HP: 29/40 MP: 3/3
  1424 | D:3      | Reached skill level 1 in Dodging
  1424 | D:3      | Reached skill level 5 in Shields
  1424 | D:3      | Reached XP level 5. HP: 38/46 MP: 4/4
  1518 | D:3      | Found a shimmering blue altar of Sif Muna.
  1529 | D:3      | Mangled by an orc

Illustrated notes

Levels and vault maps discovered:
D:1:      nzn_arrival_water_spiral, layout_rooms
D:2:      layout_basic, xom_teletrap_fun, kennysheep_pointless_box
D:3:      layout_rooms, lemuel_round_altar

Skill      XL: |  1  2  3  4  5 |
---------------+----------------+-----
Shields        | 4 5 |  5.4
Fighting       | 4 |  4.4
Armour         | 4 |  4.4
Axes           | 3 4 |  4.0
Dodging        | 1 |  1.7

Action                   |  1- 3 |  4- 6 || total
-------------------------+-------+-------++-------
Melee: War axe           |    65 |    74 ||   139
       Headbutt          |    11 |    13 ||    24
  Use: Scroll            |     1 |     1 ||     2
       Potion            |     1 |     1 ||     2
Armor: Scale mail        |    50 |    60 ||   110
Dodge: Dodged            |    30 |    36 ||    66
Block: Kite shield       |    57 |    46 ||   103

Table legend: (Time is in decaauts)
 A = Elapsed time spent in this place.
 B = Non-inter-level travel time spent in this place.
 C = Inter-level travel time spent in this place.
 D = Time resting spent in this place.
 E = Time spent auto-exploring this place.
 F = Levels seen in this place.
 G = Mean time per level.
                   A        B        C        D        E       F      G
               +--------+--------+--------+--------+--------+-----+--------+
         Total |   1588 |   1495 |     93 |      0 |      0 |   3 |  529.3 |
       Dungeon |   1588 |   1495 |     93 |      0 |      0 |   3 |  529.3 |
               +--------+--------+--------+--------+--------+-----+--------+

Top non-repeatable levels by time:
     D:2: 967 daAuts
     D:1: 486 daAuts
     D:3: 133 daAuts
